 Dungeon Crawl Stone Soup version 0.22-a0-429-g97ce8ef (webtiles) character file.

4008 KristoblXynda the Destroyer (level 10, -1/103 HPs)
             Began as a Yellow Draconian Conjurer on May 25, 2018.
             Was a Follower of Dithmenos.
             Slain by a three-headed hydra (13 damage)
             ... on level 8 of the Dungeon.
             The game lasted 00:26:08 (10175 turns).

KristoblXynda the Destroyer (DrCj)                 Turns: 10175, Time: 00:26:10

Health: -1/103     AC:  8    Str: 15    XL:     10   Next: 3%
Magic:  7/22       EV: 12    Int: 20    God:    Dithmenos [*.....]
Gold:   362        SH:  0    Dex: 11    Spells: 18/26 levels left

rFire    . . .     SeeInvis .   h - +4 falchion (freeze)
rCold    . . .     Gourm    .   (no shield)
rNeg     + . .     Faith    .   (armour unavailable)
rPois    .         Spirit   .   (helmet restricted)
rElec    .         Reflect  .   g - scarf {repulsion}
rCorr    +         Harm     .   c - +0 pair of gloves
MR       .....                  (no boots)
Stlth    ..........             (no amulet)
HPRegen  0.27/turn              e - ring of positive energy
MPRegen  0.18/turn              (no ring)

@: berserking, marked, wreathed by umbra, repel missiles, very quick
A: spit acid, acid resistance, unfitting armour, cold-blooded, AC +7
a: Breathe Acid, Renounce Religion


You were on level 8 of the Dungeon.
You worshipped Dithmenos.
Dithmenos was aware of your devotion.
You were not hungry.

You visited 2 branches of the dungeon, and saw 9 of its levels.

You collected 362 gold pieces.

Inventory:

Hand Weapons
 h - a +4 falchion of freezing (weapon)
Armour
 c - a +0 pair of gloves (worn)
 g - a scarf of repulsion (worn)
 p - a cursed +1 buckler
Jewellery
 e - a ring of positive energy (left hand)
 k - an uncursed amulet of guardian spirit
Wands
 i - a wand of digging (12)
Scrolls
 d - 3 scrolls of remove curse
 o - 3 scrolls of enchant armour
 t - a scroll of immolation
Potions
 a - 2 potions of curing
 j - a potion of haste {unknown}
 n - 2 potions of flight
 q - 2 potions of agility
 v - a potion of berserk rage
 z - 2 potions of might
 A - a potion of invisibility {unknown}
 B - a potion of resistance
Comestibles
 b - 10 rations


   Skills:
 - Level 1.7 Dodging
 - Level 1.7 Stealth
 + Level 8.5 Spellcasting
 + Level 10.0 Conjurations
 + Level 7.2 Invocations


You had 18 spell levels left.
You knew the following spells:

 Your Spells              Type           Power        Failure   Level  Hunger
a - Magic Dart            Conj           ####         1%          1    None
b - Dazzling Spray        Conj/Hex       ####..       3%          3    None
c - Iskenderun's Mystic   Conj           #####...     1%          4    ###....

Your spell library contained the following spells:

 Spells                   Type           Power        Failure   Level  Hunger
 Apportation              Tloc           #.....       9%          1    None
 Summon Small Mammal      Summ           #...         9%          1    None
 Animate Skeleton         Necr           N/A          9%          1    None
 Confusing Touch          Hex            #.....       9%          1    None
 Fulminant Prism          Conj/Hex       ####......   11%         4    ###....
 Force Lance              Conj/Tloc      ####....     11%         4    ###....
 Searing Ray              Conj           #####.       1%          2    None


Dungeon Overview and Level Annotations

Branches:
Dungeon (8/15)             Temple (1/1) D:6            Lair (0/6) D:8

Altars:
Ashenzari
Cheibriados
Dithmenos
Fedhas
Gozag
Hepliaklqana
Makhleb
Nemelex Xobeh
Okawaru
Ru
Sif Muna
Uskayaw
Xom
Zin
The Shining One
Lugonu

Shops:
D:7 [

Annotations:
D:3 Patate's ghost, amateur GnSk


Innate Abilities, Weirdness & Mutations

You can spit globs of acid.
You are resistant to acid.
Your golden yellow scales are hard. (AC +7)
You cannot fit into any form of body armour.
You are cold-blooded and may be slowed by cold attacks.


Message History

Okay, then.
Okay, then.
A red film seems to cover your vision as you go berserk!
You feel yourself moving faster!
You feel mighty!
The two-headed hydra bites you but does no damage.
The two-headed hydra bites you.
* * * LOW HITPOINT WARNING * * *
You barely miss the two-headed hydra.
The two-headed hydra is heavily wounded.
The two-headed hydra bites you.
* * * LOW HITPOINT WARNING * * *
The two-headed hydra bites you but does no damage.
You hack one of the two-headed hydra's heads off!
The one-headed hydra grows two more!
You slash the three-headed hydra! You freeze the three-headed hydra.
You tail-slap the three-headed hydra.
The three-headed hydra is heavily wounded.
The three-headed hydra closely misses you.
The three-headed hydra bites you but does no damage.
The three-headed hydra bites you!
You die...

..#####.########..#.#.###..#..##.
..#####.#.........#.#.###..##.##.
........#.######....#......##.##.
...........>........#####.###.##.
##.######....#.#....#............
##...* ####...#.#..#.###.###.###
##.### ###.#.#..#.# #.# #.# ##.#
#...#.##...# #.# #.# ##.#
#.#.#@##...# #.# #.# ##.#
#.#.#D##...# #.# #.# ##.#
####.#.#.##..)# #.###.### ##.#
#....#.#.##...# #.......# ...#
###.####.#.##.#.#####.#.#.# ...#
#........#.##.#)......#.#.. ...#
#.#.####......)..####.#.### ...#
#.#.#....#.##.#..# #.#.# # ...#
#.#.##.###.##.#..####.#.###


You could see a three-headed hydra.

Vanquished Creatures
  A two-headed ogre (D:8)
  2 dream sheep (D:8)
  2 yaks (D:8)
  2 black bears
  An ice beast (D:7)
  4 orc warriors
  4 ogres
  A centaur (D:6)
  3 big kobolds (D:8)
  A bullfrog (D:6)
  A scorpion (D:5)
  5 howler monkeys
  2 crimson imps
  7 hounds
  4 jellies
  3 orc priests
  3 bullfrog skeletons
  8 orc wizards
  Terence (D:3)
  A worker ant (D:2)
  A hound zombie (D:8)
  2 hound skeletons
  A howler monkey skeleton (D:8)
  9 adders
  A shadow imp (D:5)
  An ooze (D:1)
  An adder zombie (D:6)
  2 adder skeletons
  2 worms
  A dart slug (D:4)
  6 leopard geckos
  35 orcs
  7 giant cockroaches
  8 hobgoblins
  7 jackals
  10 kobolds
  4 quokkas
  3 ball pythons
  11 bats
  4 frilled lizards
  6 goblins
  A leopard gecko zombie (D:8)
  A quokka skeleton (D:5)
  3 rats
183 creatures vanquished.

Vanquished Creatures (others)
  A kobold (D:3)
1 creature vanquished.

Grand Total: 184 creatures vanquished

Notes
Turn   | Place    | Note
-------+----------+-------------------------------------------
     0 | D:1      | KristoblXynda the Draconian Conjurer began the quest for the Orb.
     0 | D:1      | Reached XP level 1. HP: 14/14 MP: 3/3
    95 | D:1      | Reached XP level 2. HP: 4/20 MP: 0/5
   769 | D:1      | Reached XP level 3. HP: 26/26 MP: 0/7
  1456 | D:2      | Reached XP level 4. HP: 31/33 MP: 0/8
  1761 | D:2      | Reached skill level 5 in Conjurations
  2015 | D:2      | Found a glowing golden altar of the Shining One.
  2022 | D:2      | Learned a level 3 spell: Dazzling Spray
  2674 | D:3      | Reached XP level 5. HP: 38/38 MP: 6/10
  2776 | D:2      | Learned a level 4 spell: Iskenderun's Mystic Blast
  2806 | D:3      | Noticed Patate's ghost (amateur GnSk)
  2960 | D:3      | Found a snail-covered altar of Cheibriados.
  3009 | D:3      | Found a shadowy altar of Dithmenos.
  3045 | D:3      | Noticed Terence
  3052 | D:3      | Killed Terence
  3480 | D:4      | Reached XP level 6. HP: 26/45 MP: 5/12
  3511 | D:4      | Reached skill level 6 in Conjurations
  4208 | D:4      | Reached skill level 5 in Spellcasting
  4409 | D:4      | Your scales start taking on a golden yellow colour.
  4409 | D:4      | Reached XP level 7. HP: 22/50 MP: 1/14
  4523 | D:3      | Became a worshipper of Dithmenos the Shadowed
  4892 | D:5      | Entered Level 5 of the Dungeon
  4967 | D:5      | Reached skill level 7 in Conjurations
  5182 | D:5      | Found a sparkling altar of Nemelex Xobeh.
  5344 | D:5      | Reached skill level 1 in Invocations
  5555 | D:5      | Found a blossoming altar of Fedhas.
  5745 | D:5      | Reached XP level 8. HP: 57/57 MP: 11/17
  6441 | D:6      | Reached skill level 8 in Conjurations
  6726 | D:6      | Found an iron altar of Okawaru.
  6802 | D:6      | Found a staircase to the Ecumenical Temple.
  6813 | Temple   | Entered the Ecumenical Temple
  7097 | D:6      | Found a hazy altar of Hepliaklqana.
  7307 | D:7      | Found Asmef's Armour Boutique.
  7720 | D:7      | Reached * piety under Dithmenos
  8316 | D:8      | Reached XP level 9. HP: 59/62 MP: 11/19
  8353 | D:8      | HP: 1/62 [dream sheep (31)]
  8365 | D:8      | Reached skill level 5 in Invocations
  8384 | D:8      | Reached skill level 9 in Conjurations
  8984 | D:8      | Noticed a two-headed hydra
  9053 | D:8      | Noticed a two-headed ogre
  9064 | D:8      | Killed a two-headed ogre
  9550 | D:8      | Found a staircase to the Lair.
  9887 | D:8      | Reached skill level 10 in Conjurations
  9887 | D:8      | Reached XP level 10. HP: 69/69 MP: 17/22
 10175 | D:8      | Slain by a three-headed hydra

Vault maps used:
D:1:      ncdulo_wetmaze, minmay_small_reverse_x
D:2:      tso_altar
D:3:      grunt_temple_overflow_holy_war, old_standard_altar, serial_glass,
          glass_columns_a, glass_columns_a,
          nicolae_dithmenos_through_a_glass_darkly, uniq_terence
D:4:      serial_curves, eino_curves_02, eino_curves_02, eino_curves_03,
          first_ration
D:5:      kennysheep_mini, nemelex_xobeh_ov_fountains_minmay
D:6:      minmay_flawed_box, okawaru_ov_weapons_minmay,
          overflow_temple_1_default, minmay_temple_entry_trees
D:7:      serial_shops, kennysheep_little_box
D:8:      lair_entry_dummy, hangedman_ranch
Temple:   corrupted_temple

Skill      XL: |  1  2  3  4  5  6  7  8  9 |
---------------+----------------------------+-----
Spellcasting   | 3 4 5 6 7 8 |  8.5
Conjurations   | 5 6 7 8 10 | 10.0
Invocations    | 2 4 7 |  7.2
Dodging        | |  1.7
Stealth        | |  1.7

Action                   |  1- 3 |  4- 6 |  7- 9 | 10-12 || total
-------------------------+-------+-------+-------+-------++-------
Melee: Dagger            |    69 |    74 |    50 |    21 ||   214
       Unarmed           |     8 |       |       |       ||     8
       Tailslap          |     5 |     6 |     1 |     2 ||    14
       Spear             |       |       |    12 |       ||    12
       Falchion          |       |       |       |     2 ||     2
 Cast: Magic Dart        |    58 |   173 |   285 |     9 ||   525
       Iskenderun's Myst |       |     1 |     6 |     5 ||    12
       Dazzling Spray    |       |       |     4 |       ||     4
 Abil: Breathe Acid      |       |       |    15 |     2 ||    17
  Use: Potion            |       |     4 |     2 |     1 ||     7
       Scroll            |       |     4 |    14 |       ||    18
 Stab: Sleeping          |     1 |     1 |       |       ||     2
       Distracted        |       |     1 |       |       ||     1
  Eat: Chunk             |     2 |     6 |    15 |       ||    23
       Ration            |       |     1 |     2 |       ||     3
Armor: Skin              |    17 |    56 |    37 |     7 ||   117
Dodge: Dodged            |    63 |   111 |   107 |    11 ||   292
       Deflected         |     2 |     4 |     2 |       ||     8

Table legend:
 A = Spawn XP
 B = Non-spawn XP
 C = Spawn XP percentage of total XP
 D = Spawn monster count
 E = Non-spawn monster count
 F = Spawn count percentage of total count
 G = Total turns spent on level
                    A         B        C        D         E        F      G
               +---------+---------+-------+---------+---------+-------+---------
         Total |       0 |    5727 |   0.0 |       0 |     183 |   0.0 | 10175
               +---------+---------+-------+---------+---------+-------+---------
           D:1 |       0 |      53 |   0.0 |       0 |      26 |   0.0 |  1146
           D:2 |       0 |     121 |   0.0 |       0 |      30 |   0.0 |  1875
           D:3 |       0 |     214 |   0.0 |       0 |      23 |   0.0 |  1122
           D:4 |       0 |     476 |   0.0 |       0 |      24 |   0.0 |   749
           D:5 |       0 |     613 |   0.0 |       0 |      16 |   0.0 |  1216
           D:6 |       0 |     495 |   0.0 |       0 |      13 |   0.0 |  1081
           D:7 |       0 |     528 |   0.0 |       0 |      12 |   0.0 |   808
           D:8 |       0 |    3227 |   0.0 |       0 |      39 |   0.0 |  2133
               +---------+---------+-------+---------+---------+-------+---------
